 Dungeon Crawl Stone Soup version 0.25-a0-246-g58704a1ebd (webtiles) character file.

Game seed: 12643627830651585461, levelgen mode: classic

10800 Borgoz the Protected (level 11, -2/51 HPs)
             Began as a Gargoyle Fighter on Dec 3, 2019.
             Was a High Priest of Okawaru.
             Collided with a stone wall (18 damage)
             ... caused by a wretched star
             ... on level 3 of the Abyss.
             The game lasted 00:23:09 (11024 turns).

Borgoz the Protected (Gargoyle Fighter)            Turns: 11024, Time: 00:23:10

Health: -2/51      AC: 16    Str: 25      XL:     11   Next: 67%
Magic:  0/14       EV:  9    Int:  9 (10) God:    Okawaru [*****.]
Gold:   507        SH: 11    Dex:  4 (5)  Spells: 10/10 levels left

rFire    + + .     SeeInvis .   a - +0 flail
rCold    . . .     Gourm    .   c - +0 shield
rNeg     + . .     Faith    .   p - +1 scale mail {rF+}
rPois    ∞         Spirit   +   u - +0 helmet
rElec    +         Reflect  .   x - scarf {Spirit}
rCorr    .         Harm     .   (no gloves)
MR       .....     Rnd*Tele +   (no boots)
Stlth    ..........             E - amulet of rage
HPRegen  0.17/turn              l - +3 ring of strength
MPRegen  0.14/turn              t - ring of protection from fire

@: about to teleport, berserk cooldown, slowed, very slow
A: [clumsy 2], [deformed body], [deterioration 2], [frail 3], negative energy
resistance 1, electricity resistance, [teleportitis 3], unbreathing,
petrification resistance, [no potion heal 2], rot immunity, AC +8
a: Heroism, Finesse, Renounce Religion, Evoke Berserk Rage


You were on level 3 of the Abyss.
You worshipped Okawaru.
Okawaru was extremely pleased with you.
You were near starving.

You visited 2 branches of the dungeon, and saw 11 of its levels.
You visited the Abyss 1 time.
You also visited: Sewer.

You collected 507 gold pieces.

Inventory:

Hand Weapons
 a - a +0 flail (weapon)
Armour
 c - a +0 shield (worn)
 p - a +1 scale mail of fire resistance (worn)
 u - a +0 helmet (worn)
 x - a scarf of spirit shield (worn)
Jewellery
 h - a +4 amulet of reflection
 i - an uncursed ring of magical power
 l - a +3 ring of strength (left hand)
 t - a ring of protection from fire (right hand)
 E - an amulet of rage (around neck)
Wands
 d - a wand of polymorph (10)
 e - a wand of random effects (27)
 B - a wand of digging (3)
Scrolls
 j - a scroll of blinking {unknown}
 n - 7 scrolls of remove curse
 r - 2 scrolls of fog
 s - 2 scrolls of teleportation
 v - a scroll of enchant armour {unknown}
 z - a scroll of amnesia {unknown}
 A - 3 scrolls of identify
 C - a scroll of enchant weapon
 F - a scroll of magic mapping {unknown}
Potions
 b - 2 potions of lignification
 g - 4 potions of flight
 k - 3 potions of agility
 m - 4 potions of brilliance
 o - 5 potions of curing
 q - 3 potions of heal wounds
 w - a potion of cancellation {unknown}
Comestibles
 f - 20 rations
 D - 4 chunks of flesh


   Skills:
 * Level 10.4 Fighting
 * Level 9.3 Maces & Flails
 * Level 10.4 Armour
 + Level 9.1 Shields
 + Level 5.0 Invocations
 + Level 1.1 Evocations


You had 10 spell levels left.
You didn't know any spells.
Your spell library was empty.

Dungeon Overview and Level Annotations

Branches:
Dungeon (10/15)            Temple (1/1) D:6            Lair (0/6) D:9
  Sewer (visited)
    Orc: D:9-12

Altars:
Ashenzari
Cheibriados
Dithmenos
Elyvilon
Fedhas
Gozag
Hepliaklqana
Kikubaaqudgha
Makhleb
Nemelex Xobeh
Okawaru
Qazlal
Ru
Sif Muna
Trog
Uskayaw
Vehumet
Wu Jian
Xom
Yredelemnul
Zin
The Shining One

Annotations:
D:10 Erolcha


Innate Abilities, Weirdness & Mutations

You are resistant to torment.
Your stone body is resilient. (AC +8)
You are immune to poison.
You resist negative energy. (rN+)
You are resistant to electric shocks. (rElec)
You can survive without breathing.
You are immune to petrification.
You are immune to rotting.
[You are very clumsy. (Dex -4)]
[Armour fits poorly on your strangely shaped body.]
[Your body often deteriorates upon taking damage.]
[You are extremely frail. (-30% HP)]
[You are often teleported next to monsters.]
[Potions are poor at restoring your health.]


Message History

The green very ugly thing looks frightened!
The wretched star is unaffected. x2; The meliai looks frightened!
The killer bee looks frightened! x2; The meliai looks frightened!
The killer bee looks frightened!
The meliai looks frightened!
The killer bee looks frightened!
A green very ugly thing comes into view.
As you read the scroll of teleportation, it crumbles to dust.
You feel strangely unstable.
You feel the power of the Abyss delaying your translocation!
The wretched star pulses with an eldritch light!
You feel even more weirdly uncertain.
The wretched star pulses with an eldritch light!
You feel clumsy. x2
A wretched star comes into view.
The wretched star glows turbulently.
The lance of force hits you!!
Your body deteriorates!
You feel dopey.
You are knocked back by the lance of force.
You slam into the stone wall!
You die...

##_# #.## .u*#
#... #.. ..# ##
##.###*## .#
#...#...#...#...
................
.#........∩.....
..#.####........
.#. #@.##.....
#.###..#... #.
... .. .. ##.. .
.#. #.. #._. #.
. .. #. ..


You could see a wretched star.

Vanquished Creatures
  2 two-headed ogres
  A sixfirhy (Abyss:2)
  Psyche (D:8)
  2 trolls (D:9)
  4 hippogriffs
  A raiju (Abyss:2)
  Prince Ribbit (D:5)
  9 yaks
  A spriggan (D:7)
  A wraith (D:10)
  A hungry ghost (D:9)
  Menkaure (D:5)
  Edmund (D:4)
  4 orc warriors
  3 ice beasts
  Duvessa (D:5)
  2 sky beasts (D:7)
  2 black bears
  A large abomination (Abyss:2)
  4 phantoms
  2 wolves
  4 centaurs
  2 ogres
  Blork the orc (D:5)
  5 bullfrogs
  2 gnoll sergeants (D:9)
  Dowan (D:5)
  A scorpion (D:4)
  A water moccasin skeleton (D:7)
  3 wights (D:9)
  2 electric eels (D:9)
  9 howler monkeys
  4 crimson imps
  7 hounds
  A quasit (D:7)
  A bullfrog zombie (D:7)
  A centaur zombie (D:7)
  4 jellies
  3 orc priests
  Crazy Yiuf (D:5)
  A bullfrog skeleton (D:6)
  An iron imp (Abyss:2)
  4 orc wizards
  3 centaur skeletons
  Jessica (D:3)
  5 iguanas
  7 worker ants
  2 hound zombies
  A worker ant zombie (D:9)
  Robin (D:3)
  12 adders
  14 gnolls
  A howler monkey skeleton (D:10)
  9 river rats
  A shadow imp (D:7)
  2 oozes (D:4)
  2 adder skeletons
  6 worms
  2 dart slugs
  7 leopard geckos
  28 orcs
  7 ball pythons
  8 bats
  7 giant cockroaches
  13 goblins
  11 hobgoblins
  14 jackals
  2 quokkas
  5 frilled lizards
  2 jackal skeletons
  24 kobolds
  2 quokka skeletons
  26 rats
329 creatures vanquished.

Vanquished Creatures (others)
  A centaur (D:9)
  An orc (D:9)
  A plant (Abyss:2)
3 creatures vanquished.

Grand Total: 332 creatures vanquished

Notes
Turn   | Place    | Note
-------+----------+-------------------------------------------
     0 | D:1      | Borgoz the Gargoyle Fighter began the quest for the Orb.
     0 | D:1      | Reached XP level 1. HP: 14/14 MP: 1/1
    73 | D:1      | Reached XP level 2. HP: 19/19 MP: 2/2
  1044 | D:2      | Reached XP level 3. HP: 23/23 MP: 3/3
  1964 | D:3      | Reached XP level 4. HP: 17/29 MP: 4/4
  2103 | D:3      | Noticed Jessica
  2124 | D:3      | Reached XP level 5. HP: 11/33 MP: 5/5
  2130 | D:3      | Killed Jessica
  2397 | D:3      | You fall into a shaft and drop 1 floor!
  2816 | D:3      | Noticed Robin
  2823 | D:3      | Reached XP level 6. HP: 34/39 MP: 6/6
  2863 | D:3      | Killed Robin
  3602 | D:4      | Noticed Edmund
  3633 | D:4      | Killed Edmund
  3633 | D:4      | Reached skill level 5 in Fighting
  3633 | D:4      | Reached skill level 5 in Armour
  3633 | D:4      | Reached skill level 5 in Shields
  3633 | D:4      | Reached XP level 7. HP: 30/44 MP: 7/7
  3741 | D:4      | Found a snail-covered altar of Cheibriados.
  3741 | D:4      | Found a shadowy altar of Dithmenos.
  4428 | D:4      | Found a glowing silver altar of Zin.
  4473 | D:5      | Entered Level 5 of the Dungeon
  4487 | D:5      | Noticed Duvessa
  4500 | D:5      | Noticed Dowan
  4500 | D:5      | Noticed Prince Ribbit
  4503 | D:5      | Killed Duvessa
  4503 | D:5      | Reached XP level 8. HP: 51/51 MP: 8/8
  4514 | D:5      | Killed Dowan
  4533 | D:5      | Killed Prince Ribbit
  4533 | D:5      | Reached skill level 5 in Maces & Flails
  4549 | D:5      | Noticed Blork the orc
  4636 | D:5      | Noticed Menkaure
  4642 | D:5      | Killed Menkaure
  4690 | D:5      | Found a glowing golden altar of the Shining One.
  4806 | D:5      | Killed Blork the orc
  4866 | D:5      | Found a glowing drain.
  4870 | Sewer    | Entered a sewer
  5140 | Sewer    | Reached XP level 9. HP: 53/56 MP: 9/9
  5769 | D:5      | Found a burning altar of Makhleb.
  5871 | D:5      | Found a runed translucent door.
  5872 | D:5      | Noticed Crazy Yiuf
  5879 | D:5      | Killed Crazy Yiuf
  6011 | D:6      | Found a blossoming altar of Fedhas.
  6116 | D:6      | Found a staircase to the Ecumenical Temple.
  6267 | Temple   | Entered the Ecumenical Temple
  6418 | Temple   | Became a worshipper of Warmaster Okawaru
  6547 | D:6      | Found a shimmering blue altar of Sif Muna.
  7073 | D:7      | Reached skill level 1 in Invocations
  7494 | D:7      | Reached * piety under Okawaru
  7720 | D:7      | Reached XP level 10. HP: 63/64 MP: 11/11
  7786 | D:8      | Reached ** piety under Okawaru
  7919 | D:8      | Noticed a two-headed ogre
  7931 | D:8      | Killed a two-headed ogre
  8296 | D:8      | Noticed Psyche
  8315 | D:8      | Killed Psyche
  8315 | D:8      | Reached *** piety under Okawaru
  9071 | D:9      | Reached **** piety under Okawaru
  9086 | D:9      | Reached XP level 11. HP: 22/72 MP: 7/14
  9169 | D:9      | Found a staircase to the Lair.
  9676 | D:9      | Found a hide-covered altar of Uskayaw.
  9778 | D:9      | Reached skill level 10 in Fighting
  9778 | D:9      | Reached skill level 10 in Armour
 10044 | D:9      | Noticed a two-headed ogre
 10071 | D:9      | Killed a two-headed ogre
 10510 | D:10     | Entered Level 10 of the Dungeon
 10687 | D:10     | Noticed Erolcha
 10716 | D:10     | Cast into level 2 of the Abyss (Erolcha)
 10935 | Abyss:2  | Reached ***** piety under Okawaru
 10964 | Abyss:2  | Noticed a sixfirhy
 10966 | Abyss:2  | Reached skill level 1 in Evocations
 10983 | Abyss:2  | Noticed a thrashing horror
 10983 | Abyss:2  | Noticed a thrashing horror
 10989 | Abyss:2  | Killed a sixfirhy
 10989 | Abyss:2  | Reached skill level 5 in Invocations
 11012 | Abyss:2  | Noticed a spatial maelstrom
 11017 | Abyss:3  | Found a corrupted altar of Lugonu.
 11019 | Abyss:3  | Noticed a wretched star
 11020 | Abyss:3  | Noticed a wretched star
 11021 | Abyss:3  | Noticed a green very ugly thing
 11022 | Abyss:3  | Noticed a green very ugly thing
 11024 | Abyss:3  | Noticed a wretched star
 11024 | Abyss:3  | Collided with a stone wall

Levels and vault maps discovered:
D:1:      dpeg_arrival_ratfight, layout_basic
D:2:      layout_basic, dk_noncrumbling_4
D:3:      layout_basic, first_ration, chequers_serial_rivers_large_a,
          minmay_misc_feat_nine_boxes, uniq_robin, uniq_jessica
D:4:      layout_loops_ring, grunt_temple_overflow_open, marbit_many_paths,
          grunt_ministairs_10, minmay_close_crescents, uniq_edmund
D:5:      wander_river, layout_cave_pools, tso_altar, gup_sewer_entry_bowl,
          makhleb_heckhound_becter, uniq_duvessa, uniq_crazy_yiuf_cottage,
          uniq_prince_ribbit1, uniq_menkaure, uniq_blork_the_orc
D:6:      layout_gridville, fedhas_altar_2, temple_pool_b, led_sif_pool
D:7:      layout_basic, the_bakery
D:8:      layout_basic, serial_curves, eino_curves_04, eino_curves_02,
          minivault_19, uniq_psyche
D:9:      layout_roguey, lemuel_coloured_pillars_altar, erik_lair_island
D:10:     layout_loops_ring, hangedman_decor_growths, uniq_erolcha
Temple:   nicolae_temple_elliptical
Abyss:3:  base: D:3, lemuel_flamethrower_2, grunt_abyss_rune_wretched_hive

Skill      XL: |  1  2  3  4  5  6  7  8  9 10 11 |
---------------+----------------------------------+-----
Fighting       | 4 5 6 8 9 10 | 10.4
Armour         | 4 5 6 8 9 10 | 10.4
Shields        | 4 5 6 7 8 9 |  9.1
Maces & Flails | 3 4 5 7 8 9 |  9.3
Invocations    | 2 4 5 |  5.0
Evocations     | 1 |  1.1

Action                   |  1- 3 |  4- 6 |  7- 9 | 10-12 || total
-------------------------+-------+-------+-------+-------++-------
Melee: Flail             |   147 |   275 |   634 |   695 ||  1751
       Unarmed           |       |       |     9 |       ||     9
Invok: Heroism           |       |       |       |     1 ||     1
 Abil: Evoke Berserk Rag |       |       |       |     2 ||     2
Evoke: Wand              |       |       |       |     1 ||     1
  Use: Scroll            |     5 |     4 |     6 |     4 ||    19
       Potion            |       |     1 |     5 |     4 ||    10
 Stab: Confused          |       |       |     1 |       ||     1
  Eat: Chunk             |     3 |     6 |    12 |    12 ||    33
       Ration            |       |       |     1 |       ||     1
Armor: Scale mail        |    58 |   128 |   191 |   329 ||   706
       Ring mail         |       |    15 |    68 |       ||    83
Dodge: Dodged            |    40 |    93 |   180 |   227 ||   540
Block: Shield            |   111 |   266 |   590 |   578 ||  1545
       Reflection        |     1 |    13 |     6 |    11 ||    31
       Other             |       |       |     2 |       ||     2

Table legend:
 A = Non-vault XP
 B = Vault XP
 C = Vault XP percentage of total XP
 D = Non-vault monster count
 E = Vault monster count
 F = Vault count percentage of total count
                 A         B        C        D         E       F
            +---------+---------+-------+---------+---------+-------
      Total |   12852 |    2577 |  16.7 |     242 |      88 |  26.7
            +---------+---------+-------+---------+---------+-------
        D:1 |      25 |       5 |  16.7 |      15 |       5 |  25.0
        D:2 |      39 |       0 |   0.0 |      16 |       0 |   0.0
        D:3 |     204 |      70 |  25.5 |      38 |      12 |  24.0
        D:4 |     585 |     189 |  24.4 |      20 |       4 |  16.7
        D:5 |     572 |     822 |  59.0 |      11 |      10 |  47.6
        D:6 |     541 |       0 |   0.0 |      17 |       0 |   0.0
        D:7 |    1475 |     215 |  12.7 |      27 |       1 |   3.6
        D:8 |    2098 |     572 |  21.4 |      24 |       3 |  11.1
        D:9 |    4809 |     541 |  10.1 |      56 |       5 |   8.2
       D:10 |    1300 |       0 |   0.0 |      14 |       0 |   0.0
    Abyss:2 |    1204 |       0 |   0.0 |       4 |       0 |   0.0
      Sewer |       0 |     163 | 100.0 |       0 |      48 | 100.0
            +---------+---------+-------+---------+---------+-------
